cohdb
Replays
Latest Replays
All Replays
Popular Replays
Top Player Replays
Match Explorer
How It Works
Community
CoH3 Stats
Reddit
Sign in to upload your games and track your stats! →
Sign in with Steam
Match 46580595
Unlisted
Match 46580595
Overview
Messages
Build Orders
End
Scout Squad
Selects Airborne Battlegroup
Selects Heavy Machine Gun Paradrop
Heavy Machine Gun Paradrop
Engineer Squad
Engineer Squad
Heavy Machine Gun Paradrop
Construct Medical Station
Infantry Support Center
Construct Weapon Support Center
Selects Recon Loiter
M3 Armored Personnel Carrier
Selects Supply Drop
Supply Drop
M3 Armored Personnel Carrier
Supply Drop
.30 cal Machine Gun
Heavy Machine Gun Paradrop
Recon Loiter
Supply Drop
.30 cal Machine Gun
Construct Tank Depot
Recon Loiter
Supply Drop
M4(105) Sherman Bulldozer
Selects Carpet Bombing Run
Recon Loiter
Engineer Squad
M18 Hellcat Tank Destroyer
Recon Loiter
Carpet Bombing Run
M18 Hellcat Tank Destroyer
Supply Drop
Bego
aSIIDemolitionHammer
Deliri0us
Itaperuna
0
0
Comments
sign in to comment!
No comments posted yet!